 Dungeon Crawl Stone Soup version 0.31-a0-455-g1a7b003ef0 (webtiles) character file.

Game seed: 18230578437363772943

203 testman the Changeling (level 5, -4/42 HPs)
             Began as a Demonspawn Shapeshifter on Aug 4, 2023.
             Slain by a wraith (8 damage)
             ... in an ossuary.
             The game lasted 00:07:42 (2410 turns).

testman the Changeling (Demonspawn Shapeshifter)    Turns: 2410, Time: 00:07:43

Health: -4/42      AC: 11    Str: 18    XL:     5   Next: 51%
Magic:  5/5        EV: 12    Int:  9    God:
Gold:   152        SH:  5    Dex: 19    Spells: 4/4 levels left

rFire   . . .        o - +0 mace (protect)
rCold   . . .        (no shield)
rNeg    . . .        a - +0 animal skin
rPois   .            (helmet currently unavailable)
rElec   .            (cloak currently unavailable)
rCorr   .            (gloves currently unavailable)
SInv    .            (boots currently unavailable)
Will    .....        l - amulet of reflection
Stlth   ++           p - +6 ring of dexterity
HPRegen 0.27/turn    (no ring)
MPRegen 0.18/turn

%: reflection
@: beast-form, under a protective aura, slowed, very slow
A: beast (slay +2), antennae 1, yellow scales 1, magic regeneration
a: Begin Untransformation


You were in an ossuary.
You were a hulking beast.
You visited 1 branch of the dungeon, and saw 4 of its levels.
You also visited: Ossuary.

You collected 152 gold pieces.

Inventory:

Hand Weapons
 b - a +0 spear
 o - a +0 mace of protection (weapon)
Missiles
 q - 4 boomerangs
Armour
 a - a +0 animal skin (worn)
 g - a +0 pair of gloves
Jewellery
 l - an amulet of reflection (around neck)
 p - a +6 ring of dexterity (left hand)
Talismans
 c - a beast talisman (active)
Scrolls
 d - a scroll of brand weapon {unknown}
 e - a scroll of immolation
 f - 3 scrolls of enchant weapon
 h - a scroll of poison
 m - a scroll of butterflies
 n - a scroll of fog
 r - a scroll of revelation {unknown}
Potions
 i - a potion of berserk rage {unknown}
 j - a potion of curing {unknown}
 k - 2 potions of degeneration {unknown}
 s - a potion of enlightenment {unknown}


   Skills:
 + Level 3.8 Fighting
 - Level 2.0 Dodging
 - Level 2.6 Unarmed Combat
 + Level 4.0 Shapeshifting


You had 4 spell levels left.
You didn't know any spells.
Your spell library contained the following spells:

 Spells                   Type           Power      Damage    Failure   Level
 Sublimation of Blood     Necr           0%         N/A       52%         2
 Wereblood                Tmut           0%         N/A       52%         2
 Summon Hydra             Summ           0%         N/A       100%        7


Dungeon Overview and Level Annotations

Branches:
Dungeon (4/15)            Ossuary (1/1)
 Temple: D:4-7

Altars:


Innate Abilities, Weirdness & Mutations

You are a hulking beast.
Your limbs bulge with bestial killing power. (Slay +2)
You have a pair of small antennae on your head.
You are partially covered in yellow scales. (AC +2)
You regenerate magic rapidly.


Message History

You barely miss the wraith.
The wraith is heavily damaged.
The wraith closely misses you. x2
You thump the wraith!
The wraith is almost destroyed.
The wraith hits you but does no damage. The wraith hits you.
You hit the wraith but do no damage.
The wraith is almost destroyed.
You block the wraith's attack. The wraith hits you.
You hit the wraith.
The wraith is almost destroyed.
The wraith hits you.
* * * LOW HITPOINT WARNING * * *
The wraith drains your vigour!
You feel as though you will be slow longer.
The wraith closely misses you. x2
You hit the wraith but do no damage.
The wraith is almost destroyed.
The wraith hits you.
* * * LOW HITPOINT WARNING * * *
The wraith drains your vigour!
You feel as though you will be slow longer.
The wraith barely misses you.
You barely miss the wraith.
The wraith is almost destroyed.
The wraith hits you but does no damage. x2
You barely miss the wraith.
The wraith is almost destroyed.
The wraith hits you but does no damage. The wraith hits you.
* * * LOW HITPOINT WARNING * * *
The wraith drains your vigour!
You feel as though you will be slow longer.
You barely miss the wraith.
The wraith is almost destroyed.
The wraith misses you. You block the wraith's attack.
You hit the wraith but do no damage.
Your weapon exudes an aura of protection.
The wraith is almost destroyed.
The wraith hits you!
You die...

#.# #'# #.#
###.### #W▓.▓z#
###.### #.#
#######'######
#.h...........#
#.W##.###.##+.#
#.#.#.#{ .# #.
##.# # #. ...
#. ... #. ##.//
#. z#.?!
###.!?!


You could see a wraith.

Vanquished Creatures
  An orc wizard (D:3)
  Robin (D:2)
  6 adders
  An ufetubus (D:4)
  An adder zombie (Ossuary)
  2 dart slugs (D:1)
  9 orcs
  3 ball pythons (D:2)
  6 endoplasms
  13 goblins
  9 hobgoblins
  9 jackals
  5 kobolds
  A quokka (D:1)
  3 ball python skeletons (Ossuary)
  5 bats
  8 frilled lizards
  2 hobgoblin skeletons (Ossuary)
  3 kobold zombies (Ossuary)
  An orc skeleton (Ossuary)
89 creatures vanquished.

Notes
Turn   | Place    | Note
-------+----------+-------------------------------------------
     0 | D:1      | testman the Demonspawn Shapeshifter began the quest for the
                  | Orb.
     0 | D:1      | Reached XP level 1. HP: 15/15 MP: 1/1
   192 | D:1      | Gained mutation: You are partially covered in yellow
                  | scales. (AC +2) [demonic ancestry]
   192 | D:1      | Reached XP level 2. HP: 16/21 MP: 2/2
   490 | D:1      | Reached skill level 3 in Shapeshifting
   613 | D:1      | Reached XP level 3. HP: 25/27 MP: 3/3
  1126 | D:2      | Noticed Robin
  1133 | D:2      | Gained mutation: You have a pair of small antennae on your
                  | head. [demonic ancestry]
  1133 | D:2      | Reached XP level 4. HP: 25/34 MP: 4/4
  1153 | D:2      | Killed Robin
  1639 | D:3      | Gained mutation: You regenerate magic rapidly. [demonic
                  | ancestry]
  1639 | D:3      | Reached XP level 5. HP: 34/41 MP: 5/5
  2107 | D:4      | Found a sand-covered staircase.
  2122 | Ossuary  | Entered an ossuary
  2228 | Ossuary  | Reached skill level 4 in Shapeshifting
  2381 | Ossuary  | Noticed a wraith
  2381 | Ossuary  | Noticed a flying skull
  2387 | Ossuary  | Noticed a flying skull
  2392 | Ossuary  | Noticed a wraith
  2410 | Ossuary  | Slain by a wraith

Illustrated notes

Levels and vault maps discovered:
D:1:      lightli_arrival_quake, layout_basic, minivault_4
D:2:      layout_rooms, uniq_robin
D:3:      layout_basic, minmay_lizard_king
D:4:      layout_cave_pools, nicolae_sif_muna_little_library,
          portal_sewer_entry_e, serial_shops, shop,
          lightli_ossuary_entry_decrepit_ruins
Ossuary:  ossuary_due_cavern

Skill      XL: |  1  2  3  4  5 |
---------------+----------------+-----
Dodging        | 2 |  2.0
Shapeshifting  | 3 4 |  4.0
Fighting       | 2 3 |  3.8
Unarmed Combat | |  2.6

Action                     |  1- 3 |  4- 6 || total
---------------------------+-------+-------++-------
  Melee: Unarmed           |   126 |    21 ||   147
         Punch             |     2 |     5 ||     7
         Spear             |       |    52 ||    52
         Mace              |       |    87 ||    87
    Use: Potion            |       |     1 ||     1
         Scroll            |       |     5 ||     5
   Stab: Sleeping          |     1 |     2 ||     3
 Armour: Animal skin       |    46 |    52 ||    98
         Skin              |       |    10 ||    10
  Dodge: Dodged            |    93 |    99 ||   192
  Block: Other             |       |    15 ||    15

Table legend: (Time is in decaauts)
 A = Elapsed time spent in this place.
 B = Non-inter-level travel time spent in this place.
 C = Inter-level travel time spent in this place.
 D = Time resting spent in this place.
 E = Time spent auto-exploring this place.
 F = Levels seen in this place.
 G = Mean time per level.
                   A        B        C        D        E       F      G
               +--------+--------+--------+--------+--------+-----+--------+
         Total |   2449 |   2381 |     68 |    182 |   1561 |   5 |  489.8 |
       Dungeon |   2134 |   2066 |     68 |     35 |   1531 |   4 |  533.5 |
       Ossuary |    315 |    315 |      0 |    147 |     30 |   1 |  315.0 |
               +--------+--------+--------+--------+--------+-----+--------+

Top non-repeatable levels by time:
     D:1: 744 daAuts
     D:2: 684 daAuts
     D:3: 654 daAuts
 Ossuary: 315 daAuts
     D:4: 51 daAuts
